 Dungeon Crawl Stone Soup version 0.28-a0-1555-g9ae15a6949 (webtiles) character file.

Game seed: 5617149487595827692

121 HallandMoats the Skirmisher (level 5, -4/46 HPs)
             Began as a Ghoul Monk on Jan 18, 2022.
             Was a Believer of Makhleb.
             Slain by a black bear (6 damage)
             ... on level 3 of the Dungeon.
             The game lasted 00:02:33 (1805 turns).

HallandMoats the Skirmisher (Ghoul Monk)            Turns: 1805, Time: 00:02:33

Health: -4/46      AC: 12    Str: 17    XL:     5   Next: 5%
Magic:  5/5        EV:  7    Int:  5    God:    Makhleb [**....]
Gold:   100        SH:  0    Dex: 11    Spells: 4/4 levels left

rFire   + . .      SeeInvis .     - Unarmed
rCold   + . .      Faith    .   (no shield)
rNeg    + + +      Spirit   .   d - +0 chain mail {rF+}
rPois   ∞          Reflect  .   (no helmet)
rElec   .          Harm     .   (no cloak)
rCorr   .          Rampage  .   (no gloves)
Will    .....                   (no boots)
Stlth   ..........              (no amulet)
HPRegen 0.00/turn               c - +4 ring of protection
MPRegen 0.09/turn               (no ring)

@: inhibited regen
A: claws 1, cold resistance 1, negative energy resistance 3, inhibited
regeneration, torment resistance 2
a: Renounce Religion, Minor Destruction


You were on level 3 of the Dungeon.
You worshipped Makhleb.
Makhleb was pleased with you.
You visited 1 branch of the dungeon, and saw 3 of its levels.

You collected 100 gold pieces.

Inventory:

Hand Weapons
 b - the +3 dagger of Molo {pain, rPois rF+ Will-}
   (You found it on level 2 of the Dungeon)

   In the hands of one skilled in necromantic magic, it inflicts extra damage on
   living creatures.
   rF:        It protects you from fire.
   rPois:     It protects you from poison.
   Will:      It decreases your willpower.
Armour
 d - a +0 chain mail of fire resistance (worn)
Jewellery
 c - a +4 ring of protection (left claw)
Scrolls
 a - 2 scrolls of fog {unknown}
 e - a scroll of teleportation {unknown}


   Skills:
 * Level 4.2 Fighting
 * Level 2.0 Axes
 + Level 1.2 Armour
 + Level 3.1 Dodging
 - Level 2.1 Stealth
 - Level 3.2 Unarmed Combat
 + Level 1.5 Invocations


You had 4 spell levels left.
You didn't know any spells.
Your spell library contained the following spells:

 Spells                   Type           Power      Damage    Failure   Level
 Blink                    Tloc           0%         N/A       100%        2
 Lesser Beckoning         Tloc           0%         N/A       100%        3
 Manifold Assault         Tloc           0%         N/A       100%        5


Dungeon Overview and Level Annotations

Branches:
Dungeon (3/15)

Altars:
Makhleb


Innate Abilities, Weirdness & Mutations

You thrive by killing the living.
You are immune to poison.
You have sharp fingernails.
Your flesh is cold resistant. (rC+)
You are immune to negative energy. (rN+++)
You do not regenerate when monsters are visible.
You are immune to unholy pain and torment.


Message History

The black bear is heavily wounded.
The black bear closely misses you. The black bear barely misses you. x2
You scratch the black bear.
The black bear is severely wounded.
You completely miss the black bear.
The black bear is severely wounded.
The black bear bites you but does no damage.
The black bear claws you but does no damage.
The black bear closely misses you.
You scratch the black bear.
The black bear is severely wounded.
The black bear goes berserk!
You completely miss the black bear.
The black bear is severely wounded.
The black bear bites you! The black bear claws you.
The black bear claws you but does no damage.
The black bear barely misses you. The black bear completely misses you.
The black bear claws you but does no damage.
You are too injured to fight recklessly!
You scratch the black bear but do no damage.
The black bear is severely wounded.
The black bear bites you. The black bear claws you.
The black bear claws you but does no damage.
You claw the black bear!
The black bear is almost dead.
The black bear bites you but does no damage.
The black bear barely misses you.
The black bear claws you but does no damage.
The black bear bites you!
* * * LOW HITPOINT WARNING * * *
The black bear claws you but does no damage.
The black bear claws you.
* * * LOW HITPOINT WARNING * * *
The black bear barely misses you.
The black bear claws you but does no damage. x2
The black bear bites you.
* * * LOW HITPOINT WARNING * * *
The black bear claws you but does no damage.
The black bear claws you.
You die...

#..............#.#
#.....#.######.#.#
#.....#.# #.#.#
#.....#.######.#.#
#.....#......#.#.# ###
#.....######.#.#.####.#
>.....# #...#.#.##...#
^.#########.###.#.##.#.#
#.....@h...##.#.##)#.#
#.#######..##.#.##.#.#
#.# #..##.#.##.#.#
#.#######..##.#.##.#.#
#)...(..#..##.#....#.#
#.#####.#..##.######.##
#.......#..##....†....#
#...<#..#..############
#######..#..#


You could see a black bear (berserk).

Vanquished Creatures
  An ogre (D:2)
  A worm (D:2)
  3 dart slugs
  An orc (D:3)
  3 endoplasms
  A goblin (D:1)
  4 hobgoblins
  3 quokkas
  4 bats
  3 frilled lizards
  6 kobolds
  4 rats
34 creatures vanquished.

Notes
Turn   | Place    | Note
-------+----------+-------------------------------------------
     0 | D:1      | HallandMoats the Ghoul Monk began the quest for the Orb.
     0 | D:1      | Reached XP level 1. HP: 19/19 MP: 0/0
   464 | D:1      | Reached XP level 2. HP: 26/26 MP: 1/1
   905 | D:1      | Reached skill level 1 in Axes
   996 | D:2      | Noticed an ogre
  1111 | D:2      | Reached XP level 3. HP: 31/33 MP: 2/2
  1338 | D:2      | Found a burning altar of Makhleb.
  1349 | D:2      | Identified the +3 dagger of Molo {pain, rPois rF+ Will-}
  1355 | D:2      | Became a worshipper of Makhleb the Destroyer
  1355 | D:2      | Reached * piety under Makhleb
  1355 | D:2      | Reached ** piety under Makhleb
  1359 | D:2      | Killed an ogre
  1360 | D:2      | Reached skill level 4 in Fighting
  1360 | D:2      | Reached skill level 1 in Armour
  1360 | D:2      | Reached skill level 1 in Invocations
  1360 | D:2      | Reached XP level 4. HP: 40/40 MP: 2/4
  1519 | D:3      | Reached XP level 5. HP: 46/46 MP: 5/5
  1631 | D:3      | Found a faded altar of an unknown god.
  1782 | D:3      | Noticed a black bear
  1805 | D:3      | HP: 2/46 [black bear (5)]
  1805 | D:3      | Slain by a black bear

Illustrated notes

Levels and vault maps discovered:
D:1:      ncdulo_wetmaze, layout_loops_cross
D:2:      layout_basic, basic_altar
D:3:      layout_basic, demons_altar, ebering_ecumenical_altar_hall,
          uniq_jessica

Skill      XL: |  1  2  3 |
---------------+----------+-----
Axes           | 1 2 |  2.0
Fighting       | 4 |  4.2
Armour         | 1 |  1.2
Dodging        | 3 |  3.1
Invocations    | 1 |  1.5
Stealth        | |  2.1
Unarmed Combat | |  3.2

Action                   |  1- 3 |  4- 6 || total
-------------------------+-------+-------++-------
Melee: Unarmed           |    79 |    30 ||   109
       Punch             |     3 |       ||     3
       Dagger            |     1 |       ||     1
Invok: Minor Destruction |     2 |       ||     2
  Use: Scroll            |     3 |       ||     3
Armor: Robe              |     9 |       ||     9
       Chain mail        |    33 |    36 ||    69
Dodge: Dodged            |    24 |    23 ||    47

Table legend: (Time is in decaauts)
 A = Elapsed time spent in this place.
 B = Non-inter-level travel time spent in this place.
 C = Inter-level travel time spent in this place.
 D = Time resting spent in this place.
 E = Time spent auto-exploring this place.
 F = Levels seen in this place.
 G = Mean time per level.
                   A        B        C        D        E       F      G
               +--------+--------+--------+--------+--------+-----+--------+
         Total |   1806 |   1757 |     49 |      0 |   1429 |   3 |  602.0 |
       Dungeon |   1806 |   1757 |     49 |      0 |   1429 |   3 |  602.0 |
               +--------+--------+--------+--------+--------+-----+--------+

Top non-repeatable levels by time:
     D:1: 1030 daAuts
     D:2: 461 daAuts
     D:3: 315 daAuts
